 Dungeon Sprint DCSS version 0.30-a0-58-gc0703345a7 (webtiles) character file.

Game seed: 13366796106705311142

91 lesbiats the Shield-Bearer (level 4, -1/48 HPs)
             Began as a Troll Fighter on Sept 12, 2022.
             Succumbed to a scorpion's poison
             ... in the Dungeon (Sprint IX: "|||||||||||||||||||||||||||||").
             The game lasted 00:00:58 (59 turns).

lesbiats the Shield-Bearer (Troll Fighter)            Turns: 59, Time: 00:00:58

Health: -1/48      AC:  4    Str: 26    XL:     4   Next: 33%
Magic:  3/3        EV:  9    Int:  4    God:
Gold:   0          SH:  8    Dex:  9    Spells: 3/3 levels left

rFire   . . .      SeeInvis .    a - +0 flail
rCold   . . .      Faith    .    c - +0 kite shield
rNeg    . . .      Spirit   .    b - +0 robe
rPois   .          Reflect  .    (helmet restricted)
rElec   .          Harm     .    (no cloak)
rCorr   .          Rampage  .    (gloves unavailable)
Will    .....      NoTele   +    (boots unavailable)
Stlth   +.........               (no amulet)
HPRegen 0.96/turn                (no ring)
MPRegen 0.08/turn                (no ring)

@: lethally poisoned (-1 -> -11)
A: large, unfitting armour, claws 3, regeneration 1, shaggy fur 1, tough skin 1
a: no special abilities


You were in the Dungeon.
You visited 1 branch

Inventory:

Hand Weapons
 a - a +0 flail (weapon)
Armour
 b - a +0 robe (worn)
 c - a +0 kite shield (worn)
Scrolls
 j - a scroll of blinking
Potions
 d - a potion of might
 g - a potion of haste
 h - 2 potions of magic
 i - a potion of berserk rage


   Skills:
 + Level 4.2 Fighting
 * Level 4.3 Maces & Flails
 + Level 4.3 Dodging
 + Level 4.7 Shields


You had 3 spell levels left.
You didn't know any spells.
Your spell library was empty.

Dungeon Overview and Level Annotations

Branches:
Dungeon (1/1)

Altars:


Innate Abilities, Weirdness & Mutations

You are too large for most types of armour.
You have claws for hands.
Your natural rate of healing is unusually fast.
You are covered in fur. (AC +1)
You have tough skin. (AC +1)


Message History

You sock the scorpion!
You kill the scorpion!
You feel very sick. The scorpion stings you.
Your Fighting skill increases to level 4!
Your Maces & Flails skill increases to level 4!
Your Dodging skill increases to level 4!
You have reached level 4!
You hit the scorpion.
The scorpion is moderately wounded.
You feel very sick. The scorpion stings you.
You are more poisoned.
The scorpion poisons you!
You closely miss the scorpion.
The scorpion is moderately wounded.
You feel very sick. The scorpion barely misses you. The scorpion stings you.
You hit the scorpion but do no damage.
The scorpion is moderately wounded.
You feel very sick. The scorpion barely misses you.
You closely miss the scorpion.
The scorpion is moderately wounded.
You feel very sick. You block the scorpion's attack.
The scorpion closely misses you.
You barely miss the scorpion.
The scorpion is moderately wounded.
You feel sick. The scorpion stings you.
* * * LOW HITPOINT WARNING * * *
Okay, then.
The scorpion attacks as you move away!
The scorpion stings you but does no damage.
You feel sick. You block the scorpion's attack.
You feel sick. The scorpion attacks as you move away! The scorpion stings you.
* * * LOW HITPOINT WARNING * * *
You are lethally poisoned!
The scorpion poisons you!
You die... ▓▓▓▓▓▓▓▓▓▓▓▓▓▓▓▓▓▓ +....Yl.s.@†)...<▓ ▓▓▓▓▓▓▓▓▓▓▓▓▓▓▓▓▓▓

You could see an ice beast, a scorpion and an iguana.

Vanquished Creatures
  A scorpion (D)
  A jelly (D)
  A dart slug (D)
  A bat (D)
  A kobold (D)
  2 rats (D)
7 creatures vanquished.

Notes
Turn   | Place    | Note
-------+----------+-------------------------------------------
     0 | D        | lesbiats the Troll Fighter began the quest for the Orb.
     0 | D        | Reached XP level 1. HP: 22/22 MP: 0/0
    32 | D        | Noticed an ice beast
    32 | D        | Noticed an iguana
    32 | D        | Noticed a scorpion
    32 | D        | Noticed a scorpion
    32 | D        | Noticed a jelly
    34 | D        | Killed a jelly
    35 | D        | Reached XP level 2. HP: 29/31 MP: 1/1
    35 | D        | Reached XP level 3. HP: 35/37 MP: 2/2
    51 | D        | Killed a scorpion
    52 | D        | Reached XP level 4. HP: 27/48 MP: 3/3
    59 | D        | HP: 2/48 [scorpion (5)]
    59 | D        | Succumbed to a scorpion's poison

Illustrated notes

Levels and vault maps discovered:
D:        linesprint [early_d, line_temple, items_1, d_10, items_2, lair_1,
          lair_end, items_3, orc_1, orc_end, items_4, d_15, swamp_1, shoals_1,
          snake_1, spider_1, d_20, vaults_1, items_5, swamp_end, shoals_end,
          snake_end, spider_end, vaults_end, d_27, items_6, zot_1, zot_end,
          crypt_end, forest_end, elf_end, slime_end, tomb_end, abyss_end,
          pan_hell_end]

Skill      XL: |  1  2  3 |
---------------+----------+-----
Maces & Flails | 3 4 |  4.3
Shields        | 4 |  4.7
Fighting       | 3 4 |  4.2
Dodging        | 3 4 |  4.3

Action                   |  1- 3 |  4- 6 || total
-------------------------+-------+-------++-------
Melee: Flail             |    35 |     5 ||    40
  Use: Potion            |     2 |       ||     2
Armor: Robe              |     8 |     1 ||     9
Dodge: Dodged            |    20 |     3 ||    23
Block: Kite shield       |    15 |     2 ||    17

Table legend: (Time is in decaauts)
 A = Elapsed time spent in this place.
 B = Non-inter-level travel time spent in this place.
 C = Inter-level travel time spent in this place.
 D = Time resting spent in this place.
 E = Time spent auto-exploring this place.
 F = Levels seen in this place.
 G = Mean time per level.
                   A        B        C        D        E       F      G
               +--------+--------+--------+--------+--------+-----+--------+
         Total |     74 |     74 |      0 |      0 |      0 |   1 |   74.0 |
       Dungeon |     74 |     74 |      0 |      0 |      0 |   1 |   74.0 |
               +--------+--------+--------+--------+--------+-----+--------+

Top non-repeatable levels by time:
       D: 74 daAuts
